 Dungeon Crawl Stone Soup version 0.20-a0-809-gaf7f668 (webtiles) character file.

2069 CoolLantern the Fighter (level 9, -3/77 HPs)
             Began as a Formicid Fighter on Mar 3, 2017.
             Was a Follower of Okawaru.
             Slain by a bullfrog (6 damage)
             ... on level 8 of the Dungeon.
             The game lasted 00:54:22 (5412 turns).

CoolLantern the Fighter (Formicid Fighter)          Turns: 5412, Time: 00:54:22

Health: -3/77      AC: 11    Str: 20    XL:     9   Next: 50%
Magic:  6/8        EV: 12    Int:  9    God:    Okawaru [*.....]
Gold:   367        SH: 11    Dex: 13    Spells: 8/8 levels left

rFire    . . .     SeeInvis +   a - +1 war axe
rCold    . . .     Gourm    .   b - +0 scale mail
rNeg     . . .     Faith    .   c - +0 shield
rPois    .         Spirit   .   (helmet unavailable)
rElec    .         Reflect  .   z - +0 cloak
rCorr    .         Harm     .   i - +0 pair of gloves
MR       .....     Clarity  +   (no boots)
Stlth    +.........             (no amulet)
Regen    0.3/turn               (no ring)
MPRegen  0.2/turn               (no ring)

@: lethally poisoned (-3 -> -11), heroism
A: permanent stasis, dig shafts and tunnels, four strong arms, antennae 3,
clarity, low mp 1, evolution 1
a: Dig, Shaft Self, Heroism, Renounce Religion


You were on level 8 of the Dungeon.
You worshipped Okawaru.
Okawaru was aware of your devotion.
You were not hungry.

You visited 2 branches of the dungeon, and saw 9 of its levels.

You collected 367 gold pieces.

Inventory:

Hand Weapons
 a - a +1 war axe (weapon)
Missiles
 d - 6 curare-tipped needles
 p - 20 poisoned needles
Armour
 b - a +0 scale mail (worn)
 c - a +0 shield (worn)
 i - a +0 pair of gloves (worn)
 m - a scarf of repulsion
 o - a cursed +0 pair of gloves
 z - a +0 cloak (worn)
Jewellery
 s - an uncursed ring of positive energy {unknown}
 v - an uncursed ring of see invisible
Wands
 y - a wand of digging (12/24)
 B - a wand of lightning (6/15)
Scrolls
 e - a scroll of fog {unknown}
 g - 2 scrolls of enchant weapon
 h - a scroll of fear {unknown}
 l - 2 scrolls of amnesia
 t - 2 scrolls of identify
 u - a scroll of remove curse
 x - a scroll of enchant armour {unknown}
Potions
 k - a potion of ambrosia
 n - a potion of mutation
 w - 3 potions of degeneration
Comestibles
 f - 4 bread rations
 j - 2 meat rations
 q - 10 fruits
 r - 4 royal jellies


   Skills:
 - Level 9.5(14.5) Fighting
 + Level 8.5(13.5) Axes
 + Level 4.2(9.2) Armour
 - Level 3.9(8.9) Shields


You had 8 spell levels left.
You didn't know any spells.

Dungeon Overview and Level Annotations

Branches:
Dungeon (8/15)             Temple (1/1) D:6
   Lair: D:8-11

Altars:
Cheibriados
Dithmenos
Fedhas
Kikubaaqudgha
Makhleb
Okawaru
Qazlal
Uskayaw
Wu Jian
Xom
Yredelemnul
The Shining One

Annotations:
D:2 Pikel
D:5 exclusion: downstairs
D:7 1 exclusion, aty692's ghost, novice HOFi


Innate Abilities, Weirdness & Mutations

You cannot be hasted, slowed, berserked, paralysed or teleported.
You can dig through walls and to a lower floor.
Your four strong arms can wield two-handed weapons with a shield.
You have a pair of large antennae on your head. (SInv)
You possess an exceptional clarity of mind.
Your magical capacity is low. (-10% MP)
You evolve.


Message History

You feel sick. You block the bullfrog's attack.
You extend your mandibles.
You dig through the rock wall.
You feel sick. You block the bullfrog's attack.
You dig through the rock wall.
* * * LOW HITPOINT WARNING * * *
You feel sick. The bullfrog hits you!
* * * LOW HITPOINT WARNING * * *
You retract your mandibles.
* * * LOW HITPOINT WARNING * * *
You feel sick.
You gain the combat prowess of a mighty hero.
* * * LOW HITPOINT WARNING * * *
You feel sick.
The bullfrog hits you but does no damage.
You block the bullfrog's attack.
You hit the bullfrog.
The bullfrog is lightly wounded.
* * * LOW HITPOINT WARNING * * *
You feel sick. The bullfrog hits you.
You die...

#.#. #.# .>.
#.# #.###.#
#.....#
#####.#######
#......[#
###.###.#
#F###.##
##@##...##
#........#
##.##.##.##
#.####...##
#.###.....##
#.##.....??#
#.##..._...#
#<##.......#
#..##.....##


You could see a bullfrog.

Vanquished Creatures
  A hornet (D:8)
  The ghost of tony the Spear-Bearer, an amateur MfGl of Okawaru (D:5)
  A hippogriff (D:4)
  An ogre (D:5)
  A slave (D:4)
  A black bear (D:7)
  An orc warrior (D:6)
  3 bullfrogs (D:6)
  2 wights (D:7)
  2 howler monkeys
  3 crimson imps
  2 hounds
  3 centaur skeletons
  An orc priest (D:7)
  2 orc wizards
  5 bullfrog skeletons
  3 iguanas
  3 worker ants
  A hound zombie (D:5)
  3 gnolls (D:2)
  9 adders
  2 shadow imps
  An adder skeleton (D:6)
  An adder zombie (D:5)
  4 worms
  2 dart slugs
  5 leopard geckos
  13 orcs
  6 giant cockroaches
  6 goblins
  4 hobgoblins
  6 jackals
  5 kobolds
  3 quokkas
  4 bats
  10 frilled lizards
  3 leopard gecko skeletons
  10 rats
  2 fungi (D:1)
136 creatures vanquished.

Vanquished Creatures (others)
  A worker ant (D:6)
  A shadow imp (D:6)
  A bush (D:6)
  5 plants (D:6)
8 creatures vanquished.

Grand Total: 144 creatures vanquished

Notes
Turn   | Place    | Note
-------+----------+-------------------------------------------
     0 | D:1      | CoolLantern the Formicid Fighter began the quest for the Orb.
     0 | D:1      | Reached XP level 1. HP: 18/18 MP: 1/1
   166 | D:1      | Reached XP level 2. HP: 21/24 MP: 2/2
   481 | D:1      | Reached XP level 3. HP: 27/30 MP: 3/3
   635 | D:1      | Reached skill level 4 in Fighting
   712 | D:2      | Found a basalt altar of Yredelemnul.
   763 | D:2      | Reached XP level 4. HP: 32/37 MP: 4/4
   874 | D:2      | Found an ornate altar of the Wu Jian Council.
  1128 | D:2      | Found a faded altar of an unknown god.
  1281 | D:2      | Found a shadowy altar of Dithmenos.
  1443 | D:2      | Reached XP level 5. HP: 34/43 MP: 5/5
  1498 | D:3      | Reached skill level 5 in Fighting
  1949 | D:4      | uh
  2000 | D:4      | Found a shimmering altar of Xom.
  2094 | D:4      | Found a glowing golden altar of the Shining One.
  2123 | D:4      | Reached XP level 6. HP: 51/51 MP: 6/6
  2145 | D:4      | Noticed a hippogriff
  2165 | D:4      | Killed a hippogriff
  2165 | D:4      | Reached skill level 6 in Fighting
  2165 | D:4      | Reached skill level 5 in Axes
  2165 | D:4      | Reached XP level 7. HP: 20/58 MP: 7/7
  2226 | D:4      | Found a burning altar of Makhleb.
  2715 | D:4      | Noticed Pikel
  2806 | D:2      | nice
  3117 | D:5      | Entered Level 5 of the Dungeon
  3253 | D:5      | Noticed tony's ghost (amateur MfGl)
  3267 | D:6      | Reached skill level 7 in Fighting
  3271 | D:6      | Reached XP level 8. HP: 45/67 MP: 8/8
  3326 | D:5      | Killed tony's ghost
  3679 | D:5      | Reached skill level 8 in Fighting
  3841 | D:5      | Found a stormy altar of Qazlal.
  3842 | D:5      | Noticed a water elemental
  3844 | D:5      | Noticed an air elemental
  3844 | D:5      | Noticed a fire elemental
  4382 | D:6      | Found a staircase to the Ecumenical Temple.
  4391 | Temple   | Entered the Ecumenical Temple
  4396 | Temple   | Became a worshipper of Warmaster Okawaru
  4517 | D:6      | Found a blossoming altar of Fedhas.
  4684 | D:6      | Reached XP level 9. HP: 55/75 MP: 9/9
  4710 | D:6      | Gained mutation: You evolve. [potion of mutation]
  4710 | D:6      | Gained mutation: Your magical capacity is low. (-10% MP) [potion of mutation]
  4710 | D:6      | Gained mutation: You possess an exceptional clarity of mind. [potion of mutation]
  4713 | D:6      | Reached skill level 9 in Fighting
  5138 | D:7      | Found a snail-covered altar of Cheibriados.
  5198 | D:7      | Noticed aty692's ghost (novice HOFi)
  5360 | D:8      | Found an ancient bone altar of Kikubaaqudgha.
  5396 | D:8      | Noticed a hornet
  5405 | D:8      | Killed a hornet
  5405 | D:8      | Reached * piety under Okawaru
  5412 | D:8      | HP: 3/77 [poisoned by a hornet]
  5412 | D:8      | Slain by a bullfrog

Vault maps used:
D:1:      mainiacjoe_arrival_reflecting_pool, minmay_gold_behind_fungi,
          minmay_crystal_water, minivault_5
D:2:      marbit_many_paths, yredelemnul_altar_generic, old_standard_altar,
          chequers_ecumenical_altar_grove
D:4:      lemuel_doored_altar, kennysheep_mini_moat,
          nicolae_overflow_crystal_walls, serial_corexii_hall,
          corexii_hall_statues_l, corexii_hall_statues_x,
          corexii_hall_statues_deadend, corexii_hall_statues_s, uniq_pikel
D:5:      nicolae_qazlal_style_of_elements, first_bread
D:6:      lemuel_temple_firewalk_a, fedhas_altar_decomposition
D:7:      old_standard_altar
D:8:      lemuel_round_altar, kennysheep_generic_room_5
Temple:   nicolae_temple_hex_pool

Skill      XL: |  1  2  3  4  5  6  7  8  9 |
---------------+----------------------------+-----
Fighting       | 4 5 6 7 8 9 |  9.5
Axes           | 3 4 5 7 8 |  8.5
Armour         | 4 |  4.2
Shields        | |  3.9

Action                   |  1- 3 |  4- 6 |  7- 9 || total
-------------------------+-------+-------+-------++-------
Melee: War axe           |    82 |   138 |   276 ||   496
Invok: Heroism           |       |       |     1 ||     1
 Abil: Dig               |       |     2 |     9 ||    11
Evoke: Wand              |       |       |     1 ||     1
  Use: Scroll            |     4 |     5 |     2 ||    11
       Potion            |       |     5 |     5 ||    10
  Eat: Chunk             |       |     5 |     9 ||    14
       Fruit             |       |       |     1 ||     1
       Royal jelly       |       |       |     1 ||     1
Armor: Scale mail        |    29 |    81 |   104 ||   214
Dodge: Dodged            |    26 |    38 |    75 ||   139
Block: Shield            |    36 |    89 |   134 ||   259
